 Dungeon Crawl Stone Soup version 0.24.1 (webtiles) character file.

Game seed: 1071349862529460401, levelgen mode: deterministic

174 Destapler the Changer (level 5, -4/46 HPs)
             Began as a Troll Transmuter on Mar 27, 2020.
             Was an Initiate of the Shining One.
             Slain by an orc wizard
             ... wielding a +0 dagger
              (6 damage)
             ... on level 4 of the Dungeon.
             The game lasted 00:09:08 (1900 turns).

Destapler the Changer (Troll Transmuter)            Turns: 1900, Time: 00:09:08

Health: -4/46      AC:  6    Str: 18    XL:     5   Next: 28%
Magic:  5/5        EV: 10    Int: 15    God:    the Shining One [......]
Gold:   114        SH:  0    Dex: 10    Spells: 3/6 levels left

rFire    . . .     SeeInvis .     - Unarmed
rCold    . . .     Gourm    +   (no shield)
rNeg     . . .     Faith    .   b - +0 robe
rPois    +         Spirit   .   (helmet restricted)
rElec    .         Reflect  .   (no cloak)
rCorr    .         Harm     .   (gloves unavailable)
MR       .....                  (boots unavailable)
Stlth    +.........             (no amulet)
HPRegen  0.55/turn              m - ring of poison resistance
MPRegen  0.09/turn              o - +5 ring of intelligence

@: appendage, glowing
A: large, unfitting armour, claws 3, talons 3, fast metabolism 3, gourmand,
regeneration 1, shaggy fur 1, tough skin 3
a: End Transformation, Renounce Religion


You were on level 4 of the Dungeon.
You worshipped the Shining One.
The Shining One was noncommittal.
You were very full.
You had grown temporary talons.
You visited 1 branch of the dungeon, and saw 4 of its levels.

You collected 114 gold pieces.

Inventory:

Missiles
 a - 57 arrows
 g - 2 poisoned darts
 j - 51 stones (quivered)
Armour
 b - a +0 robe (worn)
 p - a +0 shield
Jewellery
 i - an uncursed ring of fire
 l - an uncursed ring of resist corrosion
 m - a ring of poison resistance (left claw)
 o - a +5 ring of intelligence (right claw)
Scrolls
 c - a scroll of blinking {unknown}
 f - 3 scrolls of teleportation {unknown}
 h - a scroll of enchant armour {unknown}
 n - 2 scrolls of identify {unknown}
 s - a scroll of immolation {unknown}
 w - a scroll of remove curse {unknown}
Potions
 e - 2 potions of brilliance {unknown}
 k - a potion of invisibility
 q - a potion of magic
 t - 2 potions of resistance {unknown}
 u - a potion of haste {unknown}
 v - a potion of agility {unknown}
Comestibles
 d - 8 rations
 r - 2 chunks of flesh


   Skills:
 - Level 0.7 Fighting
 - Level 1.5 Dodging
 - Level 1.1 Stealth
 + Level 1.3 Shields
 - Level 3.0 Unarmed Combat
 - Level 1.2 Spellcasting
 + Level 3.4 Transmutations


You had 3 spell levels left.
You knew the following spells:

 Your Spells              Type           Power        Failure   Level  Hunger
a - Beastly Appendage     Tmut           ##....       6%          1    ##.....
b - Sticks to Snakes      Tmut           ##......     9%          2    ###....

Your spell library contained the following spells:

 Spells                   Type           Power        Failure   Level  Hunger
 Spider Form              Tmut/Pois      #.........   34%         3    ####...
 Ice Form                 Ice/Tmut       #.......     75%         4    #####..
 Blade Hands              Tmut           ##........   85%         5    ######.


Dungeon Overview and Level Annotations

Branches:
Dungeon (4/15)
 Temple: D:4-7

Altars:
Kikubaaqudgha
Okawaru
Uskayaw
The Shining One


Innate Abilities, Weirdness & Mutations

You are too large for most types of armour.
You have claws for hands.
Your metabolism is lightning-fast.
You like to eat raw meat.
Your natural rate of healing is unusually fast.
You are covered in fur. (AC +1)
You have extremely tough skin. (AC +3)
You have claws for feet.


Message History

The jackal barely misses you. The gnoll barely misses you.
The jackal barely misses you.
You see here a +0 whip of flaming.
You barely miss something.
Your adder barely misses the jackal.
The jackal bites you.
An orc comes into view.
It is wielding a +0 trident and wearing a +2 leather armour of poison resistance.
The gnoll hits you with a +0 spear!
* * * LOW HITPOINT WARNING * * *
You hear some strange, mumbled words.
A puff of flame appears from out of thin air!
The puff of flame hits you!
* * * LOW HITPOINT WARNING * * *
The jackal bites you but does no damage.
The gnoll hits you from afar with a +0 halberd!
* * * LOW HITPOINT WARNING * * *
Your adder closely misses the jackal.
It was a potion of magic.
Magic courses through your body. The jackal misses you.
The jackal barely misses you. The gnoll barely misses you. Something hits you.
You die...

##.... #.#...
⌠.#..# #.$h.
.o..## #o.g#
#g.# # #h@##
..
#h..#####...
#.S..#....#
#####.$...#
#..........#
..
..#######..#
... #.<##
....#####
#...#####
........#####
##......#


You could see 2 gnolls, 2 orcs, 3 jackals and a friendly adder.

Vanquished Creatures
  Natasha (D:2)
  A gnoll (D:4)
  5 adders
  An ooze (D:1)
  2 dart slugs
  5 leopard geckos
  2 orcs (D:3)
  4 giant cockroaches
  10 goblins
  4 hobgoblins
  4 jackals (D:1)
  2 quokkas (D:2)
  2 ball pythons
  9 bats
  5 frilled lizards
  8 kobolds
  18 rats
83 creatures vanquished.

Vanquished Creatures (collateral kills)
  A bat (D:3)
  A goblin (D:3)
2 creatures vanquished.

Grand Total: 85 creatures vanquished

Notes
Turn   | Place    | Note
-------+----------+-------------------------------------------
     0 | D:1      | Destapler the Troll Transmuter began the quest for the Orb.
     0 | D:1      | Reached XP level 1. HP: 18/18 MP: 1/1
    30 | D:1      | Reached XP level 2. HP: 21/26 MP: 2/2
   256 | D:1      | Reached XP level 3. HP: 26/32 MP: 3/3
  1053 | D:2      | Reached XP level 4. HP: 39/40 MP: 4/4
  1149 | D:2      | Noticed Natasha
  1156 | D:2      | Killed Natasha
  1156 | D:2      | Reached skill level 1 in Stealth
  1227 | D:2      | Learned a level 2 spell: Sticks to Snakes
  1515 | D:3      | Reached XP level 5. HP: 46/46 MP: 5/5
  1571 | D:3      | Reached skill level 1 in Shields
  1677 | D:3      | Found an iron altar of Okawaru.
  1677 | D:3      | Found a glowing golden altar of the Shining One.
  1678 | D:3      | Found a hide-covered altar of Uskayaw.
  1684 | D:3      | Became a worshipper of the Shining One
  1688 | D:3      | Found an ancient bone altar of Kikubaaqudgha.
  1899 | D:4      | HP: 1/46 [gnoll/+0 halberd (8)]
  1900 | D:4      | Slain by an orc wizard

Levels and vault maps discovered:
D:1:      elethiomel_arrival_shortcut, layout_basic, minmay_rat_gold_closets
D:2:      layout_loops_ring, uniq_natasha
D:3:      layout_rooms, minitemple
D:4:      layout_rooms, serial_shops, shop, first_ration,
          grunt_decor_mini_mirrors

Skill      XL: |  1  2  3  4  5 |
---------------+----------------+-----
Transmutations | 2 3 |  3.4
Stealth        | 1 |  1.1
Shields        | 1 |  1.3
Fighting       | |  0.7
Dodging        | |  1.5
Unarmed Combat | |  3.0
Spellcasting   | |  1.2

Action                   |  1- 3 |  4- 6 || total
-------------------------+-------+-------++-------
Melee: Unarmed           |   147 |    94 ||   241
       Punch             |     3 |       ||     3
       Kick              |       |     1 ||     1
 Cast: Beastly Appendage |     3 |     1 ||     4
       Sticks to Snakes  |       |     2 ||     2
  Use: Potion            |       |     1 ||     1
 Stab: Sleeping          |     1 |     1 ||     2
  Eat: Chunk             |    15 |     8 ||    23
Armor: Robe              |    63 |    48 ||   111
Dodge: Dodged            |    70 |    59 ||   129
